 Dungeon Crawl Stone Soup version 0.28-a0-1347-g113dc556a4 (webtiles) character file.

Game seed: 7460369161759955732

12182 snetch the Thaumaturge (level 12, -4/74 HPs)
             Began as a Djinni Fire Elementalist on Dec 28, 2021.
             Was the Champion of Elyvilon.
             Slain by a freezing wraith (5 damage)
             ... led by a death knight
             ... on level 11 of the Dungeon on Dec 29, 2021.
             The game lasted 00:58:25 (14275 turns).

snetch the Thaumaturge (Djinni Fire Elementalist)  Turns: 14275, Time: 00:58:26

Health: -4/74      AC: 11    Str:  7    XL:     12   Next: 17%
Gold:   409        EV: 14    Int: 21    God:    Elyvilon [******] SH:  4 Dex: 15

rFire   + . .      SeeInvis .   a - +7 dagger
rCold   . . .      Faith    +   P - +0 buckler
rNeg    . . .      Spirit   .   U - +0 steam dragon scales
rPois   ∞          Reflect  .   k - +1 hat
rElec   .          Harm     .   i - +2 cloak
rCorr   .          Rampage  .   o - +0 pair of gloves
Will    ++...                   (boots unavailable)
Stlth   +++.......              J - amulet of faith
HPRegen 0.22/turn               G - ring of willpower
MPRegen 0.00/turn               S - ring of ice

@: flying, slowed, very slow
A: sickness immunity, fire resistance 2, cold vulnerability 1, float, innate
caster, hp casting, extra vitality 1
a: Renounce Religion, Purification, Heal Other, Heal Self, Divine Vigour


You were on level 11 of the Dungeon.
You worshipped Elyvilon.
Elyvilon was exalted by your worship.
You visited 2 branches of the dungeon, and saw 13 of its levels.

You collected 409 gold pieces.

Inventory:

Hand Weapons
 a - a +7 dagger (weapon)
 b - a +3 falchion
 c - a +4 battleaxe
 d - a +4 spear
Missiles
 f - 192 arrows
 y - a throwing net
 O - 38 poisoned darts
 Q - a curare-tipped dart
 T - 3 boomerangs
 X - 418 stones
 Y - 2 silver boomerangs
Armour
 i - a +2 cloak (worn)
 k - a +1 hat (worn)
 o - a +0 pair of gloves (worn)
 s - a scarf of repulsion
 C - +0 swamp dragon scales
 F - a +2 robe of cold resistance
 P - a +0 buckler (worn)
 U - +0 steam dragon scales (worn)
Magical Staves
 v - a staff of poison
Jewellery
 G - a ring of willpower (left hand)
 J - an amulet of faith (around neck)
 S - a ring of ice (right hand)
Wands
 q - a wand of flame (31)
 B - a wand of charming (3)
 I - a wand of acid (3)
 V - a wand of mindburst (8)
Scrolls
 h - 5 scrolls of teleportation {unknown}
 j - a scroll of immolation
 p - a scroll of magic mapping
 r - a scroll of vulnerability
 t - 2 scrolls of amnesia {unknown}
 w - a scroll of fear
 x - 3 scrolls of fog {unknown}
 A - 2 scrolls of blinking {unknown}
 D - a scroll of enchant weapon
 H - a scroll of noise {unknown}
 K - a scroll of enchant armour {unknown}
 L - a scroll of silence {unknown}
 N - a scroll of summoning {unknown}
Potions
 g - a potion of cancellation
 l - 2 potions of ambrosia
 m - 2 potions of flight {unknown}
 u - 10 potions of curing {unknown}
 z - 3 potions of mutation {unknown}
 E - 3 potions of heal wounds {unknown}
 M - 3 potions of might {unknown}
 R - a potion of invisibility
 W - a potion of lignification
 Z - a potion of haste
Miscellaneous
 n - a lightning rod (4/4)


   Skills:
 + Level 1.6 Fighting
 + Level 4.1 Armour
 + Level 5.6 Dodging
 + Level 5.0 Stealth
 + Level 1.1 Shields
 + Level 12.8 Spellcasting
 + Level 1.9 Invocations


You had 9 spell levels left.
You knew the following spells:

 Your Spells              Type           Power      Damage    Failure   Level
a - Foxfire               Conj/Fire      100%       2x1d9     1%          1
b - Scorch                Fire           100%       2d10      1%          2
c - Conjure Flame         Conj/Fire      61%        6-21      1%          3
d - Inner Flame           Hex/Fire       61%        N/A       1%          3
e - Flame Wave            Conj/Fire      61%        2d10      1%          4
f - Sting                 Tmut/Pois      100%       1d8       1%          1
g - Searing Ray           Conj           100%       2d8       1%          2
h - Tukima's Dance        Hex            61%        N/A       1%          3
i - Cause Fear            Hex            30%        N/A       1%          4
j - Hailstorm             Conj/Ice       79%        3d16      1%          4
Your spell library was empty.

Dungeon Overview and Level Annotations

Branches:
Dungeon (12/15)            Temple (1/1) D:7            Lair (0/6) D:10
    Orc: D:9-12

Altars:
Ashenzari
Cheibriados
Dithmenos
Elyvilon
Fedhas
Gozag
Hepliaklqana
Kikubaaqudgha
Makhleb
Nemelex Xobeh
Okawaru
Qazlal
Ru
Sif Muna
Trog
Uskayaw
Vehumet
Wu Jian
Xom
Yredelemnul
Zin
The Shining One
Beogh

Shops:
D:7 (

Portals:
Trove: D:10 (give +5 demon blade)

Annotations:
D:4 monsters behind glass


Innate Abilities, Weirdness & Mutations

You are immune to sickness and miasma.
You are immune to poison.
Your flesh is very heat resistant. (rF++)
You are vulnerable to cold. (rC-)
You float through the air rather than walking.
You learn spells naturally, not from books.
Your magical power is your life essence.
You have superior vitality. (+4 MHP)


Message History

Elyvilon protects you from harm! The freezing wraith barely misses you.
The freezing wraith hits you but does no damage.
A wave of flame ripples out!
The flame wave engulfs the death knight!
You kill the death knight!
The flame wave engulfs the freezing wraith!
The freezing wraith is burned terribly!
The freezing wraith is heavily damaged.
The flame wave engulfs the freezing wraith.
The freezing wraith is heavily damaged.
Your damage is reflected back at you!
* * * LOW HITPOINT WARNING * * *
The freezing wraith hits you but does no damage.
The freezing wraith hits you.
* * * LOW HITPOINT WARNING * * *
The freezing wraith drains your vigour!
You feel yourself slow down. The freezing wraith hits you!
* * * LOW HITPOINT WARNING * * *
The freezing wraith freezes you! Elyvilon protects you from harm!
The freezing wraith closely misses you.
A wave of flame ripples out!
The flame wave engulfs the freezing wraith!
The freezing wraith is burned terribly!
The freezing wraith is severely damaged.
The flame wave engulfs the freezing wraith!!
The freezing wraith is burned terribly!
You destroy the freezing wraith!
The flame wave engulfs the freezing wraith but does no damage.
The flame wave engulfs the wraith!
The wraith is heavily damaged.
* * * LOW HITPOINT WARNING * * *
You finish channelling waves of flame.
The freezing wraith barely misses you. The freezing wraith hits you!
* * * LOW HITPOINT WARNING * * *
The freezing wraith drains your vigour!
You feel as though you will be slow longer.
The freezing wraith barely misses you. The freezing wraith hits you.
You die...

#.###..# ... ..
#..>...####.. .#
#.........#..##.#
#.#######.#.....#
#.# #.#.....# #.#
#.#.....#
#.#######.#..<..+
#.........#######
#......@WW...#
#......W.###.'....
#..##....# #....
#..##....# ...
#..##....# W
#..##....#
#..##....#
#..##....# #..
......


You could see 2 freezing wraiths and a wraith.

Vanquished Creatures
  A hydra (D:11)
  A centaur warrior (D:9)
  A two-headed ogre (D:9)
  A death knight (D:11)
  Maggie (D:10)
  A kobold demonologist (D:10)
  A freezing wraith (D:11)
  A troll (D:10)
  A hornet (D:10)
  Grinder (D:3)
  A dream sheep (D:5)
  A meliai zombie (D:10)
  Sigmund (D:2)
  15 yaks
  3 wyverns
  2 wraiths (D:9)
  3 vampire mosquitoes (D:10)
  A steam dragon (D:7)
  2 acid dragons
  2 water moccasins (D:8)
  2 black bears (D:6)
  A sky beast (D:7)
  3 orc warriors
  2 ogres
  An ice beast (D:6)
  7 centaurs
  3 wolves (D:10)
  3 kobold brigands
  6 bullfrogs
  A water moccasin zombie (D:6)
  2 scorpions
  2 water moccasin skeletons
  13 killer bees
  11 wights
  6 howler monkeys
  An electric eel (D:10)
  A jelly (D:4)
  An orc priest (D:3)
  A centaur zombie (D:6)
  8 hounds
  Crazy Yiuf (D:5)
  2 centaur skeletons
  An iguana (D:5)
  4 orc wizards
  A hound zombie (D:5)
  A howler monkey zombie (D:6)
  Robin (D:2)
  2 adders (D:2)
  4 gnolls (D:3)
  2 ufetubi
  An adder skeleton (D:4)
  4 worms
  3 dart slugs
  23 orcs
  3 ball pythons
  3 bats
  6 endoplasms
  5 giant cockroaches
  17 goblins
  10 hobgoblins
  2 frilled lizards (D:1)
  20 kobolds
  6 rats
238 creatures vanquished.

Vanquished Creatures (collateral kills)
  An orc (D:5)
1 creature vanquished.

Vanquished Creatures (others)
  4 dream sheep (D:5)
  597 foxfires
  15 plants (D:9)
616 creatures vanquished.

Grand Total: 855 creatures vanquished

Notes
Turn   | Place    | Note
-------+----------+-------------------------------------------
     0 | D:1      | snetch the Djinni Fire Elementalist began the quest for the
                  | Orb.
     0 | D:1      | Reached XP level 1. HP: 15/15 MP: 0/0
    35 | D:2      | Noticed Sigmund
   438 | D:1      | Reached XP level 2. HP: 15/21 MP: 0/0
   520 | D:1      | Found a faded altar of an unknown god.
   524 | D:1      | Prayed at the altar of an unknown god.
   524 | D:1      | Became a worshipper of Elyvilon the Healer
   524 | D:1      | Reached * piety under Elyvilon
   954 | D:1      | Reached skill level 3 in Spellcasting
   992 | D:1      | Reached XP level 3. HP: 25/25 MP: 0/0
   992 | D:1      | Learned a level 1 spell: Sting
  1012 | D:2      | Noticed Robin
  1706 | D:2      | Reached XP level 4. HP: 19/31 MP: 0/0
  1947 | D:2      | Reached ** piety under Elyvilon
  2086 | D:2      | Killed Robin
  2372 | D:2      | Killed Sigmund
  2373 | D:2      | Reached skill level 4 in Spellcasting
  2373 | D:2      | Reached XP level 5. HP: 19/35 MP: 0/0
  2373 | D:2      | Learned a level 2 spell: Searing Ray
  2373 | D:2      | Reached XP level 6. HP: 21/40 MP: 0/0
  2545 | D:2      | Found a hazy altar of Hepliaklqana.
  3243 | D:3      | Reached skill level 5 in Spellcasting
  3304 | D:3      | Noticed Grinder
  3310 | D:3      | Killed Grinder
  3311 | D:3      | Reached XP level 7. HP: 23/45 MP: 0/0
  3311 | D:3      | Learned a level 3 spell: Tukima's Dance
  3798 | D:4      | Reached *** piety under Elyvilon
  4570 | D:5      | Entered Level 5 of the Dungeon
  4787 | D:4      | Noticed a two-headed ogre
  4970 | D:5      | Reached skill level 6 in Spellcasting
  5042 | D:5      | Reached **** piety under Elyvilon
  5064 | D:5      | Reached XP level 8. HP: 42/50 MP: 0/0
  5385 | D:5      | Found a runed translucent door.
  5386 | D:5      | Noticed Crazy Yiuf
  5400 | D:5      | Killed Crazy Yiuf
  5676 | D:5      | Noticed a dream sheep
  5676 | D:5      | Noticed a dream sheep
  5676 | D:5      | Noticed a dream sheep
  5676 | D:5      | Noticed a dream sheep
  5676 | D:5      | Noticed a dream sheep
  5676 | D:5      | Found a shimmering altar of Xom.
  5680 | D:5      | Killed a dream sheep
  5680 | D:5      | Killed a dream sheep
  5680 | D:5      | Killed a dream sheep
  5680 | D:5      | Killed a dream sheep
  5680 | D:5      | Killed a dream sheep
  5681 | D:5      | Reached skill level 7 in Spellcasting
  6639 | D:6      | Noticed a yak
  6641 | D:6      | Noticed a yak
  6642 | D:6      | Noticed a yak
  6644 | D:6      | Killed a yak
  6645 | D:6      | Reached XP level 9. HP: 45/55 MP: 0/0
  6645 | D:6      | Learned a level 4 spell: Cause Fear
  6667 | D:6      | Reached skill level 8 in Spellcasting
  6702 | D:5      | Reached skill level 1 in Armour
  7287 | D:6      | Reached skill level 9 in Spellcasting
  7526 | D:6      | Upgraded the game from 0.28-a0-1339-ga5422284a4 to
                  | 0.28-a0-1347-g113dc556a4
  7577 | D:7      | Reached skill level 1 in Invocations
  7699 | D:7      | Reached XP level 10. HP: 57/61 MP: 0/0
  7811 | D:7      | Found Pauzobb's Weapon Shop.
  8072 | D:7      | Found a broken altar of Ashenzari.
  8115 | D:7      | Reached skill level 1 in Fighting
  8533 | D:8      | Reached ***** piety under Elyvilon
  8970 | D:7      | Found a staircase to the Ecumenical Temple.
  9110 | Temple   | Entered the Ecumenical Temple
  9383 | D:8      | Reached skill level 10 in Spellcasting
  9649 | D:8      | Found a sparkling altar of Nemelex Xobeh.
  9756 | D:8      | Reached XP level 11. HP: 38/67 MP: 0/0
  9756 | D:8      | Learned a level 4 spell: Hailstorm
 10037 | D:9      | Noticed a centaur warrior
 10392 | D:9      | Killed a centaur warrior
 10393 | D:9      | Reached skill level 11 in Spellcasting
 10404 | D:8      | Reached skill level 5 in Dodging
 11251 | D:9      | Noticed a two-headed ogre
 11255 | D:9      | Killed a two-headed ogre
 11256 | D:9      | Reached skill level 5 in Stealth
 12184 | D:10     | Entered Level 10 of the Dungeon
 12502 | D:10     | Found a sacrificial altar of Ru.
 12510 | D:10     | Found a basalt altar of Yredelemnul.
 12869 | D:10     | Reached skill level 12 in Spellcasting
 12886 | D:10     | Found a staircase to the Lair.
 13655 | D:10     | Reached ****** piety under Elyvilon
 13663 | D:10     | Noticed Maggie
 13671 | D:10     | Killed Maggie
 13817 | D:10     | Found a portal to a secret trove of treasure.
 13860 | D:11     | Noticed a five-headed hydra
 13864 | D:11     | Killed a five-headed hydra
 13865 | D:11     | Reached XP level 12. HP: 64/74 MP: 0/0
 13998 | D:12     | Reached skill level 1 in Shields
 14001 | D:12     | Elyvilon protects you from harm!
 14003 | D:12     | HP: 3/74 [something (3)]
 14261 | D:11     | Noticed a death knight
 14273 | D:11     | Elyvilon protects you from harm!
 14274 | D:11     | Killed a death knight
 14274 | D:11     | Elyvilon protects you from harm!
 14275 | D:11     | HP: 1/74 [freezing wraith[a death knight] (9)]
 14275 | D:11     | Slain by a freezing wraith

Illustrated notes

Levels and vault maps discovered:
D:1:      tarquinn_simple_flora_water_f, layout_loops_ring,
          hellmonk_ecumenical_altar_defaced_shrine
D:2:      layout_loops_ring, basic_altar, uniq_sigmund, uniq_robin
D:3:      layout_basic, uniq_grinder
D:4:      layout_basic, lightli_corner_chamber
D:5:      layout_basic, kb_xom_exploding_sheep, serial_corexii_hall,
          chequers_hall_statues_wall_a, corexii_hall_statues_u,
          chequers_hall_statues_wall_a, chequers_hall_statues_wall_a,
          uniq_crazy_yiuf_cottage
D:6:      layout_rooms
D:7:      layout_loops_cross, lemuel_doored_altar,
          minmay_temple_entry_overgrown, serial_shops, shop
D:8:      layout_loops_ring, nemelex_spade_bored_becter
D:9:      minmay_spotlight, layout_loops_ring, wad_woods_river_04
D:10:     layout_gridville, mainiacjoe_overflow_large_starburst,
          erik_lair_island, nicolae_trove_entry_diagonal, uniq_maggie
D:11:     layout_stronghold, orc_0_dummy
D:12:     layout_basic, nicolae_tso_swordbearing_angel
Temple:   minmay_crystal_spiral_temple

Skill      XL: |  1  2  3  4  5  6  7  8  9 10 11 12 |
---------------+-------------------------------------+-----
Spellcasting   | 3 4 5 6 7 9 10 12 | 12.8
Stealth        | 2 3 4 5 |  5.0
Dodging        | 3 4 5 |  5.6
Armour         | 2 4 |  4.1
Invocations    | 1 |  1.9
Fighting       | 1 |  1.6
Shields        | 1 |  1.1

Action                   |  1- 3 |  4- 6 |  7- 9 | 10-12 || total
-------------------------+-------+-------+-------+-------++-------
Melee: Club              |       |     3 |       |       ||     3
       Dagger            |       |       |       |    17 ||    17
 Cast: Foxfire           |    41 |    45 |   145 |   128 ||   359
       Scorch            |    11 |    24 |    28 |    75 ||   138
       Searing Ray       |       |       |     9 |    28 ||    37
       Tukima's Dance    |       |       |     2 |     3 ||     5
       Cause Fear        |       |       |     1 |       ||     1
       Flame Wave        |       |       |       |     7 ||     7
       Hailstorm         |       |       |       |     2 ||     2
       Sting             |       |       |       |     1 ||     1
Invok: Heal Self         |       |       |     3 |     3 ||     6
  Use: Scroll            |       |       |       |    10 ||    10
 Stab: Sleeping          |       |       |       |     1 ||     1
Armor: Robe              |     1 |     3 |     5 |       ||     9
       Leather armour    |       |       |     7 |       ||     7
       Ring mail         |       |       |     2 |    16 ||    18
       Steam dragon scal |       |       |       |    47 ||    47
Dodge: Dodged            |     7 |    15 |    16 |   118 ||   156
Block: Buckler           |       |       |       |    16 ||    16

Table legend: (Time is in decaauts)
 A = Elapsed time spent in this place.
 B = Non-inter-level travel time spent in this place.
 C = Inter-level travel time spent in this place.
 D = Time resting spent in this place.
 E = Time spent auto-exploring this place.
 F = Levels seen in this place.
 G = Mean time per level.
                   A        B        C        D        E       F      G
               +--------+--------+--------+--------+--------+-----+--------+
         Total |  14311 |  13573 |    738 |   1682 |   9253 |  13 | 1100.8 |
       Dungeon |  14100 |  13445 |    655 |   1682 |   9141 |  12 | 1175.0 |
        Temple |    211 |    128 |     83 |      0 |    112 |   1 |  211.0 |
               +--------+--------+--------+--------+--------+-----+--------+

Top non-repeatable levels by time:
     D:8: 1966 daAuts
     D:1: 1817 daAuts
     D:9: 1700 daAuts
     D:5: 1688 daAuts
     D:2: 1380 daAuts
     D:7: 1279 daAuts
    D:10: 1068 daAuts
     D:3: 1055 daAuts
     D:6: 865 daAuts
     D:4: 790 daAuts
    D:11: 423 daAuts
  Temple: 211 daAuts
    D:12: 63 daAuts
